 Dungeon Crawl Stone Soup version 0.24.0-13-gcf9b319 (webtiles) character file.

Game seed: 8698487663105636811, levelgen mode: deterministic

818 pkoi the Cleaver (level 7, -19/57 HPs)
             Began as a Minotaur Berserker on Dec 17, 2019.
             Was a Believer of Trog.
             Killed from afar by Dowan (20 damage)
             ... with a shard of ice
             ... on level 5 of the Dungeon.
             The game lasted 00:05:25 (5382 turns).

pkoi the Cleaver (Minotaur Berserker)               Turns: 5382, Time: 00:05:26

Health: -19/57     AC:  3    Str: 23    XL:     7   Next: 62%
Magic:  7/7        EV: 12    Int:  4    God:    Trog [**....]
Gold:   115        SH:  0    Dex: 10    Spells: 6/6 levels left

rFire    . . .     SeeInvis .   p - +0 war axe
rCold    . . .     Gourm    .   (no shield)
rNeg     . . .     Faith    .   b - +1 animal skin
rPois    .         Spirit   .   (helmet restricted)
rElec    .         Reflect  .   (no cloak)
rCorr    .         Harm     .   (no gloves)
MR       .....                  (no boots)
Stlth    +.........             (no amulet)
HPRegen  0.19/turn              (no ring)
MPRegen  0.10/turn              (no ring)

@: lethally poisoned (-19 -> -21), berserk cooldown, slowed, lightly drained,
very slow
A: retaliatory headbutt, horns 2
a: Berserk, Trog's Hand, Renounce Religion


You were on level 5 of the Dungeon.
You worshipped Trog.
Trog was pleased with you.
You were near starving.

You visited 1 branch of the dungeon, and saw 5 of its levels.

You collected 115 gold pieces.

Inventory:

Hand Weapons
 a - a +0 hand axe
 p - a +0 war axe (weapon)
Missiles
 g - 34 bolts
Armour
 b - a +1 animal skin (worn)
Wands
 r - a wand of disintegration (14)
Scrolls
 d - 10 scrolls of identify {unknown}
 e - 10 scrolls of teleportation {unknown}
 f - a scroll of enchant weapon {unknown}
 i - 6 scrolls of remove curse
 s - a scroll of noise {unknown}
Potions
 h - a potion of cancellation {unknown}
 j - a potion of invisibility {unknown}
 k - 3 potions of curing {unknown}
 l - 2 potions of flight {unknown}
 m - a potion of haste {unknown}
 n - 2 potions of mutation {unknown}
 o - a potion of degeneration {unknown}
Comestibles
 c - 9 rations


   Skills:
 - Level 3.6(3.3) Fighting
 + Level 8.5(8.3) Axes
 + Level 6.4(6.1) Armour
 - Level 2.1(1.9) Dodging
 + Level 2.2(2.0) Evocations


You had 6 spell levels left.
You didn't know any spells.
Your spell library was empty.

Dungeon Overview and Level Annotations

Branches:
Dungeon (5/15)             Temple (0/1) D:4

Altars:
Dithmenos

Shops:
D:5 (

Annotations:
D:5 Dowan


Innate Abilities, Weirdness & Mutations

You reflexively headbutt those who attack you in melee.
You have a pair of horns on your head.


Message History

Dowan casts a spell at you. The shard of ice misses you.
Dowan gestures at you while chanting. The stone arrow hits you!
* * * LOW HITPOINT WARNING * * *
Things that are here:
a +0 rapier; a +0 ring mail
* * * LOW HITPOINT WARNING * * *
You feel sick. Dowan casts a spell at you. The stone arrow misses you.
Dowan hits you with a +2 dagger of draining.
* * * LOW HITPOINT WARNING * * *
You feel drained.
You see here a worker ant corpse.
You closely miss Dowan. Your headbutt misses Dowan.
Dowan is almost dead.
Dowan gestures at you while chanting. The shard of ice hits you!!
You die...

......######## #.#
#.....# #.# #..#### #.#
#..## #.# #...# #.#
..#.######## #.#
...........# #.#
.####.####.# #)#
.##.....##.#####@#####.
.#.......#...<..e......#
.#.......#..####.#####.#
....._......# #.#
.#.......#.## ...
.#...รท...#.# ###.
##.....##.# .#
.####.####.# #
...........#


You could see Dowan.

Vanquished Creatures
  Duvessa (D:5)
  A phantom (D:5)
  An ogre (D:4)
  A bullfrog (D:3)
  A bullfrog skeleton (D:2)
  2 hounds
  An iguana (D:4)
  5 worker ants
  7 gnolls
  7 adders
  An ooze (D:4)
  2 worms
  4 dart slugs
  4 leopard geckos
  13 orcs
  A ball python (D:3)
  4 bats
  6 giant cockroaches
  7 goblins
  8 hobgoblins
  5 jackals
  9 kobolds
  2 quokkas
  5 frilled lizards
  6 rats
104 creatures vanquished.

Vanquished Creatures (others)
  A plant (D:4)
1 creature vanquished.

Grand Total: 105 creatures vanquished

Notes
Turn   | Place    | Note
-------+----------+-------------------------------------------
     0 | D:1      | pkoi the Minotaur Berserker began the quest for the Orb.
     0 | D:1      | Reached XP level 1. HP: 19/19 MP: 0/0
    73 | D:1      | Reached skill level 4 in Axes
   351 | D:1      | Reached XP level 2. HP: 22/26 MP: 1/1
   888 | D:2      | Reached skill level 5 in Axes
   888 | D:2      | Reached XP level 3. HP: 23/31 MP: 2/2
  1742 | D:2      | Reached skill level 6 in Axes
  1742 | D:2      | Reached XP level 4. HP: 39/39 MP: 3/3
  2120 | D:2      | Reached ** piety under Trog
  2177 | D:2      | Reached XP level 5. HP: 30/45 MP: 4/4
  2437 | D:3      | Reached skill level 7 in Axes
  2866 | D:3      | Reached XP level 6. HP: 30/51 MP: 5/5
  3575 | D:4      | Found a staircase to the Ecumenical Temple.
  3751 | D:4      | Reached skill level 5 in Armour
  4715 | D:4      | Reached skill level 8 in Axes
  4715 | D:4      | Reached XP level 7. HP: 50/57 MP: 6/6
  4829 | D:5      | Entered Level 5 of the Dungeon
  4829 | D:5      | Found Utheemol's Weapon Shop.
  4859 | D:5      | Found a shadowy altar of Dithmenos.
  4863 | D:5      | Reached skill level 1 in Evocations
  5368 | D:5      | Noticed Duvessa
  5368 | D:5      | Noticed Dowan
  5374 | D:5      | Killed Duvessa
  5380 | D:5      | HP: 2/57 [Dowan/stone arrow (16)]
  5382 | D:5      | Killed from afar by Dowan

Levels and vault maps discovered:
D:1:      shiori_shiawase, layout_basic
D:2:      cheibrodos_old_hovel, layout_basic, minmay_mini_jars
D:3:      layout_loops_ring, serial_park_tiny_1
D:4:      layout_gridville, minmay_temple_entry_sparse_star, serial_bayou,
          serial_bayou_pond_a, serial_bayou_pond_c, serial_bayou_lagoon_a,
          serial_bayou_ford_a
D:5:      layout_loops_ring, old_standard_altar, gup_sewer_entry_bowl,
          first_ration, serial_shops, nicolae_shop_trees,
          nicolae_ru_the_path_less_chosen, uniq_duvessa

Skill      XL: |  1  2  3  4  5  6  7 |
---------------+----------------------+-----
Axes           | 4 5 6 7 8 |  8.5
Armour         | 3 4 5 6 |  6.4
Evocations     | 2 |  2.2
Fighting       | |  3.6
Dodging        | |  2.1

Action                   |  1- 3 |  4- 6 |  7- 9 || total
-------------------------+-------+-------+-------++-------
Melee: Hand axe          |    59 |   109 |       ||   168
       Headbutt          |     7 |    18 |     6 ||    31
       War axe           |       |    32 |    39 ||    71
Invok: Berserk           |       |     1 |     1 ||     2
  Use: Scroll            |       |     3 |       ||     3
 Stab: Sleeping          |     1 |     2 |       ||     3
  Eat: Chunk             |     2 |    11 |     1 ||    14
Armor: Animal skin       |     7 |    21 |     2 ||    30
Dodge: Dodged            |    33 |    81 |    21 ||   135
